 Dungeon Crawl Stone Soup version 0.31-a0-988-g08d55dae12 (webtiles) character file.

Game seed: 1147944063147886538

79 Conn the Sneak (level 4, -3/27 HPs)
             Began as an Octopode Fire Elementalist on Nov 4, 2023.
             Slain by Terence
             ... wielding a +0 flail
              (8 damage)
             ... on level 3 of the Dungeon.
             The game lasted 00:03:21 (1746 turns).

Conn the Sneak (Octopode Fire Elementalist)         Turns: 1746, Time: 00:03:21

Health: -3/27      AC:  1    Str:  7    XL:     4   Next: 37%
Magic:  5/7        EV: 13    Int: 19    God:
Gold:   147        SH:  0    Dex: 12    Spells: 2/8 levels left

rFire   . . .        b - +2 short sword (drain)
rCold   . . .        (no shield)
rNeg    . . .        (helmet restricted)
rPois   +            (no amulet)
rElec   .            d - ring of poison resistance
rCorr   .            (no ring)
SInv    .            (no ring)
Will    +....        (no ring)
Stlth   +++          (no ring)
HPRegen 0.24/turn    (no ring)
MPRegen 0.10/turn    (no ring)
                     (no ring)

%: no passive effects
@: enlightened, flying
A: almost no armour, amphibious, 8 rings, camouflage 1, gelatinous body 1,
(nimble swimmer 1), tentacles
a: no special abilities


You were on level 3 of the Dungeon.
You visited 1 branch of the dungeon, and saw 3 of its levels.

You collected 147 gold pieces.

Inventory:

Hand Weapons
 b - a +2 short sword of draining (weapon)
Armour
 j - a +1 buckler
Jewellery
 d - a ring of poison resistance (left tentacle)
Talismans
 h - a dragon-blood talisman
Scrolls
 g - a scroll of immolation {unknown}
 i - a scroll of noise {unknown}
 k - a scroll of silence {unknown}


   Skills:
 + Level 2.5 Dodging
 + Level 3.5 Stealth
 * Level 2.5 Spellcasting
 + Level 1.7 Conjurations
 * Level 1.1 Hexes
 + Level 3.4 Fire Magic


You had 2 spell levels left.
You knew the following spells:

 Your Spells              Type           Power      Damage    Failure   Level
a - Foxfire               Conj/Fire      48%        2x1d6     5%          1
b - Scorch                Fire           30%        2d6       6%          2
c - Inner Flame           Hex/Fire       11%        N/A       19%         3

Your spell library contained the following spells:

 Spells                   Type           Power      Damage    Failure   Level
 Volatile Blastmotes      Fire/Tloc      16%        2d11      24%         3
 Flame Wave               Conj/Fire      12%        2d6       50%         4


Dungeon Overview and Level Annotations

Branches:
Dungeon (3/15)

Altars:

Annotations:
D:3 Terence


Innate Abilities, Weirdness & Mutations

You cannot wear most types of armour.
You are amphibious.
You can wear up to eight rings at the same time.
Your skin changes colour to match your surroundings (Stealth+).
Your rubbery body absorbs attacks. (AC +1, EV +1)
((You are camouflaged when in or above water. (Stealth+)))
You have tentacles for arms and can constrict up to eight enemies at once.


Message History

The foxfire hits Terence but does no damage.
The foxfire hits the orc priest but does no damage.
The orc priest is lightly wounded.
The foxfire hits the orc priest.
The orc priest is heavily wounded.
Terence zaps a wand.
The puff of flame hits you!
Unknown command.
Unknown command.
Unknown command.
Unknown command.
Okay, then.
Unknown command.
Magic courses through your body.
Terence shouts, "Get ready for death!"
Casting: Foxfire (safe; 6% risk of failure)
Confirm with . or Enter, or press ? or * to list all spells.
Flames lash the orc priest.
You kill the orc priest!
Your Hexes skill increases to level 1!
You have reached level 4!
Okay, then.
Okay, then.
Unknown command.
Unknown command.
It was a potion of enlightenment.
You feel very buoyant.
You fly up into the air.
Terence hits you with a +0 flail!
You aren't carrying any potions.
As you read the scroll labelled FOATUR GEURA, it crumbles to dust.
It is a scroll of enchant armour.
Your +0 buckler glows green for a moment.
Terence hits you with a +0 flail!
* * * LOW HITPOINT WARNING * * *
Unknown command.
Unknown command.
This is a scroll of acquirement!
Something appears before you!
Terence asks, "Do you want it fast or slow?"
Terence hits you with a +0 flail!
You die...

..........
###.......##
#..........#
##..........#
#...........##
#.............
#.............
#....)@...)...
#....@#.......
#....###.)....
# #...##
#..... #.
##....+ .....
#.##..#.##
#... #....####
#.. ###.## #.
##..####
#....#.##


You could see Terence.

Vanquished Creatures
  An orc priest (D:3)
  An adder (D:3)
  2 worms (D:2)
  A dart slug (D:2)
  3 orcs (D:3)
  2 ball pythons (D:2)
  3 endoplasms
  2 giant cockroaches
  A goblin (D:2)
  2 hobgoblins (D:2)
  3 bats
  2 frilled lizards
  5 kobolds
  3 rats
31 creatures vanquished.

Vanquished Creatures (others)
  96 foxfires
96 creatures vanquished.

Grand Total: 127 creatures vanquished

Notes
Turn   | Place    | Note
-------+----------+-------------------------------------------
     0 | D:1      | Conn the Octopode Fire Elementalist began the quest for the
                  | Orb.
     0 | D:1      | Reached XP level 1. HP: 11/11 MP: 3/3
   431 | D:1      | Reached XP level 2. HP: 17/17 MP: 1/5
   599 | D:2      | Learned a level 2 spell: Scorch
  1019 | D:2      | Reached XP level 3. HP: 21/21 MP: 0/6
  1023 | D:2      | Learned a level 3 spell: Inner Flame
  1735 | D:3      | Noticed Terence
  1743 | D:3      | Reached skill level 1 in Hexes
  1743 | D:3      | Reached XP level 4. HP: 19/27 MP: 4/7
  1746 | D:3      | Identified a scroll of acquirement
  1746 | D:3      | Acquired the +1 hat "Amoopoil" {Str+7 Dex+3}
  1746 | D:3      | Slain by Terence

Illustrated notes

Levels and vault maps discovered:
D:1:      minmay_arrival_doors, layout_rooms
D:2:      layout_basic, serial_corexii_hall, corexii_hall_statues_i,
          corexii_hall_statues_x, chequers_hall_statues_wall_a,
          chequers_hall_statues_corner_a, kennysheep_path_1, minmay_pentomino_v2
D:3:      layout_basic, chequers_ecumenical_altar_island,
          minmay_fractal_squares_gapless_5, uniq_terence, uniq_natasha,
          uniq_grinder

Skill      XL: |  1  2  3 |
---------------+----------+-----
Stealth        | 3 |  3.5
Hexes          | 1 |  1.1
Dodging        | |  2.5
Spellcasting   | |  2.5
Conjurations   | |  1.7
Fire Magic     | |  3.4

Action                     |  1- 3 |  4- 6 || total
---------------------------+-------+-------++-------
  Melee: Short sword       |    12 |       ||    12
         Tentacles         |     5 |       ||     5
         Constrict         |     4 |       ||     4
   Cast: Foxfire           |    55 |       ||    55
         Scorch            |     1 |       ||     1
    Use: Potion            |     1 |     1 ||     2
         Scroll            |       |     2 ||     2
   Stab: Sleeping          |     2 |       ||     2
 Armour: Skin              |    10 |     3 ||    13
  Dodge: Dodged            |     2 |       ||     2

Table legend: (Time is in decaauts)
 A = Elapsed time spent in this place.
 B = Non-inter-level travel time spent in this place.
 C = Inter-level travel time spent in this place.
 D = Time resting spent in this place.
 E = Time spent auto-exploring this place.
 F = Levels seen in this place.
 G = Mean time per level.
                   A        B        C        D        E       F      G
               +--------+--------+--------+--------+--------+-----+--------+
         Total |   1744 |   1718 |     26 |     18 |   1421 |   3 |  581.3 |
       Dungeon |   1744 |   1718 |     26 |     18 |   1421 |   3 |  581.3 |
               +--------+--------+--------+--------+--------+-----+--------+

Top non-repeatable levels by time:
     D:2: 1059 daAuts
     D:1: 594 daAuts
     D:3: 90 daAuts
